[Event "*** Titled Tuesday Blitz"]
[Site "Chess.com"]
[Date "2020.10.20"]
[Round "1"]
[White "GOGIEFF"]
[Black "Ladislav1969"]
[Result "1-0"]
[WhiteElo "2879"]
[BlackElo "2432"]
[TimeControl "180+1"]
[EndTime "10:04:30 PDT"]
[Termination "GOGIEFF won by resignation"]

1. d4 Nf6 2. c4 g6 3. Nc3 d5 4. Nf3 Bg7 5. cxd5 Nxd5 6. Bd2 c5 7. Nxd5 Qxd5 8. Rc1 Nd7 9. Qc2 b6 10. e4 Qb7 11.
Bc4 Nf6 12. e5 Ne4 13. Bb5+ Bd7 14. Bxd7+ Kxd7 15. O-O Rhc8 16. d5 Nxd2 17. Qxd2 Ke8 18. Rfe1 Rd8 19. Rcd1 Kf8 20. h4 h5 21. Ng5 e6 22. Qf4 Rxd5 23. Nxe6+ Kg8 24. Rxd5 Qxd5 25. Nc7 Qd8 26. Nxa8 Qxa8 27. e6 1-0

[Event "*** Titled Tuesday Blitz"]
[Site "Chess.com"]
[Date "2020.10.20"]
[Round "1"]
[White "harvsp123"]
[Black "SergeyKarjakin"]
[Result "0-1"]
[WhiteElo "2442"]
[BlackElo "2898"]
[TimeControl "180+1"]
[EndTime "10:04:32 PDT"]
[Termination "SergeyKarjakin won by resignation"]

1. d4 Nf6 2. c4 e6 3. Nf3 d5 4. g3 Bb4+ 5. Bd2 Be7 6. Bg2 Nbd7 7.
Qc2 c6 8. O-O b6 9. Bf4 Ba6 10.
cxd5 cxd5 11. Nc3 O-O 12. Qa4 Qc8 13. Rac1 Qb7 14. Rfd1 Rfc8 15. Ne5 b5 16. Qb3 b4 17.
Na4 Bxe2 18. Re1 Bb5 19. Bg5 Rxc1 20. Rxc1 Rc8 21. Rxc8+ Qxc8 22. Nxd7 Nxd7 23. Bxe7 Qc1+ 0-1

[Event "*** Titled Tuesday Blitz"]
[Site "Chess.com"]
[Date "2020.10.20"]
[Round "1"]
[White "LikeWater"]
[Black "alexwinter25"]
[Result "0-1"]
[WhiteElo "2631"]
[BlackElo "2344"]
[TimeControl "180+1"]
[EndTime "10:04:32 PDT"]
[Termination "alexwinter25 won on time"]

1. e4 e5 2. Nf3 Nc6 3. d4 exd4 4. Bc4 Nf6 5. e5 d5 6. Bb5 Ne4 7. Nxd4 Bd7 8. Bxc6 bxc6 9. O-O Bc5 10. f3 Ng5 11. f4 Ne4 12. Be3 Bb6 13. Nd2 c5 14.
N4f3 Nxd2 15. Qxd2 Bb5 16. f5 Bxf1 17. Rxf1 d4 18.
Bg5 Qd5 19. f6 gxf6 0-1

[Event "*** Titled Tuesday Blitz"]
[Site "Chess.com"]
[Date "2020.10.20"]
[Round "1"]
[White "bakki78"]
[Black "dpopadic"]
[Result "1-0"]
[WhiteElo "2734"]
[BlackElo "2368"]
[TimeControl "180+1"]
[EndTime "10:04:33 PDT"]
[Termination "bakki78 won by checkmate"]

1. e4 c5 2. c3 d6 3. d4 Nc6 4. d5 Nb8 5. f4 e6 6. c4 exd5 7. cxd5 Nf6 8. Nc3 Be7 9. Nf3 O-O 10.
Bd3 a6 11. a4 Bg4 12. O-O Nbd7 13. Re1 Qc7 14. a5 c4 15. Bc2 Nc5 16. h3 Bxf3 17.
Qxf3 Rae8 18. Be3 Bd8 19. Bd4 Nfd7 20. Rad1 Bf6 21. Bxf6 Nxf6 22. e5 Nfd7 23. e6 Nf6 24. g4 fxe6 25. dxe6 Rxe6 26. g5 Rxe1+ 27. Rxe1 Ne8 28.
Nd5 Qxa5 29. Bxh7+ Kxh7 30. Qh5+ Kg8 31. Ne7# 1-0

[Event "*** Titled Tuesday Blitz"]
[Site "Chess.com"]
[Date "2020.10.20"]
[Round "1"]
[White "markberk"]
[Black "jlucasvf"]
[Result "0-1"]
[WhiteElo "2388"]
[BlackElo "2787"]
[TimeControl "180+1"]
[EndTime "10:04:34 PDT"]
[Termination "jlucasvf won by checkmate"]

1. Nf3 g5 2. Nxg5 e5 3. d4 Be7 4. Nf3 e4 5. Ne5 d6 6. Nc4 d5 7. Ne5 Nc6 8. Nxc6 bxc6 9. Bf4 Nf6 10. e3 Rg8 11. c4 Rb8 12. Qc2 Nh5 13. Bg3 c5 14.
cxd5 Nxg3 15. hxg3 cxd4 16. Qa4+ Kf8 17. Qxd4 Bf6 18.
Qc5+ Kg7 19. Nc3 Rxb2 20. Rc1 Bf5 21. d6 Bg6 22. dxc7 Qd2# 0-1

[Event "*** Titled Tuesday Blitz"]
[Site "Chess.com"]
[Date "2020.10.20"]
[Round "1"]
[White "szachuspl"]
[Black "northridgehawk"]
[Result "1-0"]
[WhiteElo "2533"]
[BlackElo "2204"]
[TimeControl "180+1"]
[EndTime "10:04:35 PDT"]
[Termination "szachuspl won by resignation"]

1. d4 f6 2. e4 e6 3. Nc3 Bb4 4. Nf3 Ne7 5. Bd3 d5 6. Bd2 Nbc6 7. a3 Bd6 8. O-O a6 9. Re1 O-O 10. b4 Ng6 11. g3 Nce7 12. e5 fxe5 13. dxe5 Rxf3 14.
exd6 Rf7 15. dxe7 Qxe7 16. Bxg6 hxg6 17. h4 c6 18. Bg5 Qf8 19. Qd4 Rf5 20. f4 Bd7 21.
Na4 Re8 22. Re5 Bc8 23. Rae1 Qd6 24. Rxf5 gxf5 25. h5 Kf7 26. Nb6 Rh8 27. h6 Rh7 28.
Nxc8 Qc7 29. hxg7 Qxc8 30. Qf6+ Kg8 31. Bh6 Rxh6 32. Qxh6 Qd8 33. Qh8+ 1-0

[Event "*** Titled Tuesday Blitz"]
[Site "Chess.com"]
[Date "2020.10.20"]
[Round "1"]
[White "amintabatabaei"]
[Black "Eliwood44"]
[Result "1-0"]
[WhiteElo "2952"]
[BlackElo "2449"]
[TimeControl "180+1"]
[EndTime "10:04:39 PDT"]
[Termination "amintabatabaei won by resignation"]

1. Nf3 Nf6 2. g3 e6 3. Bg2 d5 4.
O-O Be7 5. d4 O-O 6. c4 dxc4 7.
Qc2 a6 8. a4 Bd7 9. Qxc4 Bc6 10. Bg5 Nbd7 11. Nc3 Nb6 12. Qd3 h6 13. Bxf6 Bxf6 14.
e4 a5 15. Rfd1 g6 16. h4 h5 17. b3 Bg7 18. Rac1 Qe7 19. Qe3 Rfd8 20. Ne2 Rac8 21. Nf4 Be8 22. Ng5 c5 23. dxc5 Rxd1+ 24. Rxd1 Qxc5 25.
Qxc5 Rxc5 26. Bh3 Kf8 27. Ngxe6+ 1-0

[Event "*** Titled Tuesday Blitz"]
[Site "Chess.com"]
[Date "2020.10.20"]
[Round "1"]
[White "rasmussvane"]
[Black "MidnightFox"]
[Result "1-0"]
[WhiteElo "2907"]
[BlackElo "2443"]
[TimeControl "180+1"]
[EndTime "10:04:39 PDT"]
[Termination "rasmussvane won by resignation"]

1. Nf3 g6 2. e4 Nf6 3. e5 Nh5 4. d4 d6 5. Bc4 Bg7 6. Qe2 O-O 7. h3 d5 8. Bb3 f5 9. c4 c6 10. Nc3 e6 11. Bd2 Na6 12. O-O Nc7 13. Rad1 dxc4 14. Bxc4 Nd5 15. Rfe1 Nhf4 16. Qf1 Nxc3 17. bxc3 Nd5 18.
Bb3 b5 19. h4 a5 20. g3 Ba6 21.
Qh3 a4 22. Bc2 b4 23. cxb4 Bc4 24. a3 Bb3 25. Rc1 Qb6 26. h5 Ra7 27. hxg6 hxg6 28. Ng5 Bh8 29. Qh6 Rg7 30. Nxe6 Ne7 31. Nxf8 1-0

[Event "*** Titled Tuesday Blitz"]
[Site "Chess.com"]
[Date "2020.10.20"]
[Round "1"]
[White "infinitegiantkiller"]
[Black "Gloomy_Wanderer"]
[Result "0-1"]
[WhiteElo "2354"]
[BlackElo "2715"]
[TimeControl "180+1"]
[EndTime "10:04:41 PDT"]
[Termination "Gloomy_Wanderer won by resignation"]

1. d4 Nf6 2. c4 e6 3. Nc3 Bb4 4. Bd2 O-O 5. e3 b6 6. Nf3 Ba6 7. Bd3 d5 8. Qb3 Bxc3 9. Bxc3 c6 10. O-O Ne4 11. Bxe4 Bxc4 12. Qc2 dxe4 13. Qxe4 Bxf1 14. Rxf1 Qd5 15. Qh4 Nd7 16. e4 Qxa2 17. d5 cxd5 18. Qg4 d4 19. Bxd4 e5 20. Nxe5 Nxe5 21. Bxe5 f6 22.
Bc3 Rae8 23. h4 Qe6 24. Qg3 Qxe4 25. Re1 Qg6 26. Rxe8 Rxe8 27. Qf3 Qb1+ 28. Kh2 Qe4 29. Qd1 Qxh4+ 30. Kg1 Qe4 31. Qd7 Qe7 32. Qd5+ Qf7 33. Qb5 h6 34. g3 Rd8 35. Qe2 Qd5 36. Qg4 Qd1+ 37. Qxd1 Rxd1+ 38. Kg2 a5 0-1

[Event "*** Titled Tuesday Blitz"]
[Site "Chess.com"]
[Date "2020.10.20"]
[Round "1"]
[White "TrenerChos"]
[Black "Anna_ChessMate"]
[Result "0-1"]
[WhiteElo "2199"]
[BlackElo "2531"]
[TimeControl "180+1"]
[EndTime "10:04:41 PDT"]
[Termination "Anna_ChessMate won by resignation"]

1. d4 d5 2. c4 c6 3. Nf3 Nf6 4. g3 Bf5 5. Bg2 e6 6. O-O Nbd7 7. Nc3 Be7 8. e3 O-O 9. Re1 dxc4 10. h3 b5 11. Nh4 Rc8 12. Nxf5 exf5 13. d5 Ne5 14. dxc6 Nd3 15. Rf1 b4 16. Ne2 Ne4 17. f3 Nf6 18. Nd4 Bc5 19. Nxf5 Rxc6 20. g4 g6 21. Ng3 Nxc1 22.
Qxc1 Qd3 23. Re1 Re8 24. Nf1 Nd5 25. f4 Nxe3 26. Bxc6 Nxf1+ 27. Kg2 Qg3+ 0-1

[Event "*** Titled Tuesday Blitz"]
[Site "Chess.com"]
[Date "2020.10.20"]
[Round "1"]
[White "Kira170"]
[Black "ajdemipopushi"]
[Result "1-0"]
[WhiteElo "2702"]
[BlackElo "2345"]
[TimeControl "180+1"]
[EndTime "10:04:42 PDT"]
[Termination "Kira170 won by resignation"]

1. d4 Nf6 2. Nc3 d5 3. Bf4 a6 4.
e3 c5 5. Nf3 Nc6 6. Ne5 e6 7.
g4 Nd7 8. Bg2 h5 9. gxh5 Ndxe5 10. dxe5 Qh4 11. Bf3 d4 12. Ne4 dxe3 13. Bg3 exf2+ 14.
Kxf2 Qd8 15. Qxd8+ Nxd8 16. Rad1 Nc6 17. Nd6+ Bxd6 18.
Rxd6 Bd7 19. Rhd1 Bc8 20. Bxc6+ bxc6 21. Rd8+ 1-0

[Event "*** Titled Tuesday Blitz"]
[Site "Chess.com"]
[Date "2020.10.20"]
[Round "1"]
[White "LawrenceTrent"]
[Black "aisha_zakirova"]
[Result "1-0"]
[WhiteElo "2512"]
[BlackElo "2155"]
[TimeControl "180+1"]
[EndTime "10:04:45 PDT"]
[Termination "LawrenceTrent won on time"]

1. d4 Nf6 2. Nc3 d5 3. Bf4 c5 4. e3 Nc6 5. Nb5 e5 6. dxe5 Ne4 7. f3 Ng5 8. Qxd5 Qxd5 9. Nc7+ Kd7 10. Nxd5 Ne6 11.
O-O-O Ke8 12. Bg3 Bd7 13. f4 Rc8 14. Nf3 Be7 15. Bd3 g6 16. h4 Rb8 17. h5 Rg8 18.
hxg6 hxg6 19. Rh7 b5 20. Rdh1 c4 21. Be2 Nc5 22. Nf6+ Bxf6 23. exf6 Ne4 24. Bh4 Bg4 25. Rd1 Rc8 26. c3 b4 27. Bxc4 1-0

[Event "*** Titled Tuesday Blitz"]
[Site "Chess.com"]
[Date "2020.10.20"]
[Round "1"]
[White "KaterinaMiroshnik"]
[Black "ChessWarrior7197"]
[Result "0-1"]
[WhiteElo "2451"]
[BlackElo "3010"]
[TimeControl "180+1"]
[EndTime "10:04:46 PDT"]
[Termination "ChessWarrior7197 won by resignation"]

1. d3 d5 2. Nd2 e5 3. Ngf3 Nc6 4. e4 Nge7 5. Be2 g6 6. O-O Bg7 7. c3 O-O 8. Qc2 h6 9. Re1 Be6 10. a3 a5 11. b3 f5 12. Bb2 g5 13. exf5 Nxf5 14. h3 h5 15. Nh2 Qe8 16. Qd1 Bf7 17. c4 dxc4 18. Nxc4 Ncd4 19. Bf1 b5 20. Nd2 Bd5 21.
Nhf3 c5 22. Nxg5 Qg6 23. Nge4 Nh4 24. Bxd4 exd4 25. Qe2 Rae8 26. Kh1 Bh6 27. Nf3 Rxf3 28. gxf3 Kh8 29. b4 Rg8 0-1

[Event "*** Titled Tuesday Blitz"]
[Site "Chess.com"]
[Date "2020.10.20"]
[Round "1"]
[White "RasSanti"]
[Black "TheMagnet"]
[Result "0-1"]
[WhiteElo "2263"]
[BlackElo "2582"]
[TimeControl "180+1"]
[EndTime "10:04:47 PDT"]
[Termination "TheMagnet won by resignation"]

1. d4 Nf6 2. Bg5 g6 3. Bxf6 exf6 4. e3 Bg7 5. h4 h5 6. Bd3 d6 7. Nd2 c6 8. c3 Nd7 9. Qc2 f5 10. Ne2 Nf6 11. O-O-O O-O 12. Nf4 Re8 13. Rde1 a5 14. f3 a4 15. Kb1 d5 16. e4 fxe4 17. fxe4 dxe4 18. Nxe4 Nxe4 19. Bxe4 Rxe4 20. Rxe4 Bf5 21. Ka1 a3 22. b3 c5 23. Rd1 cxd4 24. Qe2 Bxe4 25. Qxe4 Qxh4 26. Qxb7 Re8 27. Qc6 Re1 0-1

[Event "*** Titled Tuesday Blitz"]
[Site "Chess.com"]
[Date "2020.10.20"]
[Round "1"]
[White "bascheyaro"]
[Black "KyrgyzFighter"]
[Result "1-0"]
[WhiteElo "2723"]
[BlackElo "2361"]
[TimeControl "180+1"]
[EndTime "10:04:55 PDT"]
[Termination "bascheyaro won by resignation"]

1. d4 d5 2. c4 c6 3. Nc3 Nf6 4. cxd5 cxd5 5. Bf4 a6 6. e3 Nc6 7. Nf3 Bg4 8. Qb3 Ra7 9. Ne5 e6 10.
Qa4 Qb6 11. Nxc6 bxc6 12. Bd3 Be7 13. O-O O-O 14. Rfc1 c5 15. dxc5 Bxc5 16. Bg5 Qb4 17. Bxf6 gxf6 18. Qc2 f5 19. h3 Bh5 20. Nxd5 exd5 21. Qxc5 Qb8 22. Bxf5 1-0

[Event "*** Titled Tuesday Blitz"]
[Site "Chess.com"]
[Date "2020.10.20"]
[Round "1"]
[White "Smirnov_Pavel"]
[Black "Teo2000"]
[Result "1-0"]
[WhiteElo "2869"]
[BlackElo "2427"]
[TimeControl "180+1"]
[EndTime "10:05:00 PDT"]
[Termination "Smirnov_Pavel won by resignation"]

1. d4 Nf6 2. c4 c5 3. d5 b5 4.
cxb5 e6 5. Nc3 exd5 6. Nxd5 Bb7 7. Nxf6+ Qxf6 8. Nf3 d5 9. e3 Bd6 10. Be2 Nd7 11. O-O O-O 12. a4 Rad8 13. Bd2 Qxb2 14. Qc1 Qf6 15. a5 Ne5 16. Nxe5 Qxe5 17. f4 Qe7 18. Bf3 Rfe8 19. Qc2 d4 20. exd4 cxd4 21. Bxb7 Qxb7 22. Qd3 Qe4 23. Rf3 Rb8 24. Rb1 f5 25. h3 Rec8 26. Qb3+ Kh8 27. Re1 Qc2 28. Re8+ Rxe8 29. Qxc2 Rxb5 30. Qc6 1-0

[Event "*** Titled Tuesday Blitz"]
[Site "Chess.com"]
[Date "2020.10.20"]
[Round "1"]
[White "AurumO"]
[Black "ShahMatKanal"]
[Result "0-1"]
[WhiteElo "1950"]
[BlackElo "2464"]
[TimeControl "180+1"]
[EndTime "10:05:01 PDT"]
[Termination "ShahMatKanal won by resignation"]

1. e4 e5 2. Nf3 d6 3. d4 Nd7 4.
Nc3 Ngf6 5. Bc4 Be7 6. O-O O-O 7. h3 c6 8. a4 b6 9. Re1 Qc7 10. Bg5 a6 11. Qe2 Bb7 12. Rad1 b5 13. axb5 axb5 14.
Bb3 b4 15. Nb1 h6 16. Bh4 Ba6 17. Bc4 Bxc4 18. Qxc4 Rfb8 19. Nbd2 Nf8 20. Nb3 Ne6 21. dxe5 dxe5 22. Bg3 Rb5 23. Rd2 Nh5 24. Bh2 Nhf4 25. Red1 Rd8 26. Rxd8+ Bxd8 27. Bxf4 Nxf4 28. c3 bxc3 29.
Qxc3 Ne2+ 0-1

[Event "*** Titled Tuesday Blitz"]
[Site "Chess.com"]
[Date "2020.10.20"]
[Round "1"]
[White "Gerodot71"]
[Black "denispopov"]
[Result "1-0"]
[WhiteElo "2464"]
[BlackElo "1959"]
[TimeControl "180+1"]
[EndTime "10:05:02 PDT"]
[Termination "Gerodot71 won on time"]

1. d4 Nf6 2. c4 g6 3. Nc3 d5 4. cxd5 Nxd5 5. e4 Nxc3 6. bxc3 Bg7 7. Nf3 O-O 8. Be2 c5 9. O-O Nc6 10. Be3 b6 11. d5 Ne5 12. Nxe5 Bxe5 13. Qd2 Bb7 14.
f4 Bg7 15. Rad1 Re8 16. c4 Rc8 17. Bf3 Rc7 18. e5 e6 19. d6 Rd7 20. Qe2 f6 21. Bc1 1-0

[Event "*** Titled Tuesday Blitz"]
[Site "Chess.com"]
[Date "2020.10.20"]
[Round "1"]
[White "Rubinstein_Akiba"]
[Black "Lagmantr"]
[Result "0-1"]
[WhiteElo "2365"]
[BlackElo "2727"]
[TimeControl "180+1"]
[EndTime "10:05:05 PDT"]
[Termination "Lagmantr won by resignation"]

1. e4 Nc6 2. d4 d5 3. e5 Bf5 4. c3 f6 5. f4 e6 6. Nf3 Nh6 7. Bd3 Be4 8. O-O Qd7 9. Qe2 f5 10.
b4 Be7 11. Be3 O-O 12. Nbd2 Ng4 13. Kh1 Nxe3 14. Qxe3 a5 15. b5 Na7 16. a4 c6 17. Rfb1 cxb5 18. axb5 b6 19. c4 Bb4 20. Ne1 Rac8 21. cxd5 exd5 22. Qe2 Bxd3 23. Nxd3 Nxb5 24. Nxb4 Nc3 25. Qf3 Nxb1 26. Nxd5 Nxd2 27. Qb3 Nxb3 0-1

[Event "*** Titled Tuesday Blitz"]
[Site "Chess.com"]
[Date "2020.10.20"]
[Round "1"]
[White "glebus008"]
[Black "Sven_Tica"]
[Result "0-1"]
[WhiteElo "2323"]
[BlackElo "2659"]
[TimeControl "180+1"]
[EndTime "10:05:05 PDT"]
[Termination "Sven_Tica won by resignation"]

1. e3 d5 2. d4 Nf6 3. c4 e6 4. Nc3 a6 5. Nf3 dxc4 6. Bxc4 b5 7. Bd3 Bb7 8. O-O Nbd7 9. Qe2 c5 10. Rd1 Qb6 11. b3 Be7 12. Bb2 O-O 13. Rac1 Rac8 14. Bb1 Rfd8 15. Ne5 cxd4 16. exd4 Nf8 17. Qe3 Ba8 18.
Qh3 Rxd4 19. Ne4 Rxd1+ 20. Rxd1 Bxe4 21. Bxe4 Nxe4 22. Qh5 Qxf2+ 23. Kh1 Rc2 24. Qxf7+ Qxf7 25. Nxf7 Nf2+ 26. Kg1 Nxd1 0-1

[Event "*** Titled Tuesday Blitz"]
[Site "Chess.com"]
[Date "2020.10.20"]
[Round "1"]
[White "lacafi"]
[Black "Sanyura"]
[Result "0-1"]
[WhiteElo "2126"]
[BlackElo "2505"]
[TimeControl "180+1"]
[EndTime "10:05:06 PDT"]
[Termination "Sanyura won by resignation"]

1. d4 d5 2. Nf3 Nf6 3. e3 c5 4. c3 Nc6 5. Nbd2 e6 6. Bd3 Bd6 7. Qe2 O-O 8. dxc5 Bxc5 9. e4 e5 10. h3 Kh8 11. O-O Nh5 12. Nb3 Bb6 13. exd5 Ng3 14. Qc2 Qxd5 15. Re1 Bxh3 16. c4 Qd8 17. gxh3 Nb4 18. Qc3 Nxd3 19. c5 Nxe1 20. Nxe1 Ne2+ 0-1

[Event "*** Titled Tuesday Blitz"]
[Site "Chess.com"]
[Date "2020.10.20"]
[Round "1"]
[White "Aleksandar-Topalov"]
[Black "GoltsevDmitry2000"]
[Result "0-1"]
[WhiteElo "2338"]
[BlackElo "2683"]
[TimeControl "180+1"]
[EndTime "10:05:09 PDT"]
[Termination "GoltsevDmitry2000 won by resignation"]

1. b3 c6 2. Bb2 d5 3. Nf3 Nf6 4.
g3 g6 5. Bg2 Bg7 6. O-O O-O 7.
c4 Nbd7 8. d4 Re8 9. Nc3 e6 10.
Qc2 a6 11. Rad1 b5 12. Qd3 Rb8 13. cxd5 cxd5 14. Ne5 Nxe5 15. dxe5 Ng4 16. e4 Nxe5 17. Qb1 d4 18. Ne2 Nc6 19. e5 Nxe5 20. Nxd4 Qe7 21. f4 Ng4 22. h3 Ne3 23. Nc6 Qc5 24. Bd4 Bxd4 25. Rxd4 Nxf1 26. b4 Qb6 27. Kxf1 Bb7 28. Nxb8 Qxd4 0-1

[Event "*** Titled Tuesday Blitz"]
[Site "Chess.com"]
[Date "2020.10.20"]
[Round "1"]
[White "Fins0905"]
[Black "Chessalary"]
[Result "1-0"]
[WhiteElo "2651"]
[BlackElo "2321"]
[TimeControl "180+1"]
[EndTime "10:05:09 PDT"]
[Termination "Fins0905 won by resignation"]

1. d4 Nf6 2. Nf3 d5 3. c4 e6 4.
Bg5 Be7 5. Nc3 Nbd7 6. cxd5 exd5 7. e3 c6 8. Bd3 h6 9. Bh4 Qb6 10. Qc2 O-O 11. O-O Re8 12. Rab1 Qc7 13. Bg3 Qb6 14. h3 Nf8 15. b4 Be6 16. Na4 Qd8 17. Nc5 Bxc5 18. bxc5 Ne4 19. Rxb7 Nxg3 20. fxg3 Bc8 21.
Rb3 Rxe3 22. Bh7+ Kh8 23. Rxe3 g6 24. Ne5 Kxh7 25. Rxf7+ Kh8 26. Nxg6+ Nxg6 27. Qxg6 1-0

[Event "*** Titled Tuesday Blitz"]
[Site "Chess.com"]
[Date "2020.10.20"]
[Round "1"]
[White "VMikhalevski"]
[Black "KatarinaOstojic"]
[Result "1-0"]
[WhiteElo "2699"]
[BlackElo "2344"]
[TimeControl "180+1"]
[EndTime "10:05:12 PDT"]
[Termination "VMikhalevski won by resignation"]

1. d4 f5 2. Nf3 Nf6 3. b3 d6 4. Bb2 g6 5. e3 Bg7 6. Be2 O-O 7.
O-O c6 8. Nbd2 Nbd7 9. a4 a5 10. Nc4 Qc7 11. Nfd2 Ne4 12. Nxe4 fxe4 13. d5 Nf6 14.
dxc6 Qxc6 15. Qd2 Be6 16. Nxa5 Qc7 17. Nc4 Nd5 18. Bxg7 Kxg7 19. Qd4+ Nf6 20. Nb6 Rad8 21. c4 Bf7 22. a5 e5 23. Qb2 d5 24. cxd5 Nxd5 25. Rac1 Qd6 26. Rfd1 Qf6 27. Nxd5 Bxd5 28. Rc7+ Rf7 29. Rxf7+ Kxf7 30. Qc3 Kg8 31. Rxd5 Rxd5 32. Bc4 Qe6 33. Bxd5 Qxd5 34. Qc4 Qxc4 35. bxc4 Kf7 36. c5 Ke6 37. c6 1-0

[Event "*** Titled Tuesday Blitz"]
[Site "Chess.com"]
[Date "2020.10.20"]
[Round "1"]
[White "Markov_Mikhail"]
[Black "gliglu"]
[Result "1-0"]
[WhiteElo "2672"]
[BlackElo "2333"]
[TimeControl "180+1"]
[EndTime "10:05:13 PDT"]
[Termination "Markov_Mikhail won by resignation"]

1. c4 Nf6 2. Nf3 g6 3. g3 Bg7 4. Bg2 O-O 5. O-O d6 6. Nc3 Nc6 7. d4 Bg4 8. h3 Bxf3 9. Bxf3 Nd7 10. e3 e5 11. d5 Ne7 12. e4 f5 13. b4 Nf6 14. c5 Qd7 15. Bg2 fxe4 16. Bg5 Nf5 17. Bxf6 Bxf6 18. Nxe4 Nd4 19. cxd6 cxd6 20. a4 Rac8 21.
Qd3 Bg7 22. b5 Rc7 23. Ra2 Rfc8 24. Qa3 Rd8 25. Rd2 Kh8 26. Kh2 Rc4 27. f4 a6 28.
bxa6 Rxa4 29. Qe3 Rxa6 30. Ng5 Rf8 31. fxe5 Rxf1 32. e6 Qb5 33. e7 Ra8 34. Bxf1 Qe8 35. Rxd4 h6 36. Rh4 Ra2+ 37. Bg2 b5 38. Qe6 b4 39. Nf7+ Kh7 40. Nxd6 1-0

[Event "*** Titled Tuesday Blitz"]
[Site "Chess.com"]
[Date "2020.10.20"]
[Round "1"]
[White "dropstoneDP"]
[Black "Sergey85Rodchenkov"]
[Result "1-0"]
[WhiteElo "2859"]
[BlackElo "2423"]
[TimeControl "180+1"]
[EndTime "10:05:15 PDT"]
[Termination "dropstoneDP won by resignation"]

1. e4 c5 2. Nf3 d6 3. d4 cxd4 4. Nxd4 Nf6 5. Nc3 a6 6. g4 h6 7. Rg1 Nc6 8. h3 e6 9. Be3 Be7 10. Qe2 Qc7 11. O-O-O Bd7 12. f4 Nxd4 13. Rxd4 e5 14.
Rc4 Qa5 15. g5 hxg5 16. fxg5 Nh5 17. Nd5 Bd8 18. a4 b5 19. Bd2 bxc4 20. Bxa5 Bxa5 21. g6 Be6 22. gxf7+ Kxf7 23. Qf3+ Nf6 24. Rxg7+ 1-0

[Event "*** Titled Tuesday Blitz"]
[Site "Chess.com"]
[Date "2020.10.20"]
[Round "1"]
[White "LyonBeast"]
[Black "kleopl"]
[Result "1-0"]
[WhiteElo "3024"]
[BlackElo "2453"]
[TimeControl "180+1"]
[EndTime "10:05:16 PDT"]
[Termination "LyonBeast won by resignation"]

1. Nf3 f5 2. b3 Nf6 3. Bb2 d6 4. e3 e5 5. d4 e4 6. Ng1 d5 7. h4 c6 8. Nh3 Bd6 9. g3 Be6 10. c4 Nbd7 11. c5 Bc7 12. b4 b5 13.
a4 a6 14. Be2 Rb8 15. Nc3 O-O 16. Ng5 Qe7 17. axb5 axb5 18. Ra6 h6 19. Rxc6 hxg5 20. Rxc7 gxh4 21. Rxh4 Qd8 22. Rc6 Bf7 23. Nxb5 Ra8 24. Nd6 Bg6 25. Qb3 Nb8 26. Rc8 Qd7 27. Rxf8+ Kxf8 28. Rh8+ Ke7 29. Nc8+ Kf7 30. Nb6 Qb7 31.
Nxa8 Qxa8 32. c6 Qa7 33. b5 Qb6 34. Qa3 1-0

[Event "*** Titled Tuesday Blitz"]
[Site "Chess.com"]
[Date "2020.10.20"]
[Round "1"]
[White "YIYUKI"]
[Black "Moultino06"]
[Result "0-1"]
[WhiteElo "2282"]
[BlackElo "2611"]
[TimeControl "180+1"]
[EndTime "10:05:18 PDT"]
[Termination "Moultino06 won by resignation"]

1. e4 c5 2. Nf3 d6 3. c3 Nf6 4.
h3 Bd7 5. Bd3 g6 6. O-O Bg7 7.
Bc2 O-O 8. d4 Nc6 9. d5 Nb8 10.
a4 Na6 11. Na3 Nc7 12. Nc4 b6 13. Bf4 Rb8 14. Re1 a6 15. e5 Nfxd5 16. exd6 exd6 17. Bxd6 Re8 18. Rxe8+ Bxe8 19. Bxc7 Nxc7 20. Qxd8 Rxd8 21. Nxb6 Rb8 22. a5 Bc6 23. Ng5 Nd5 24. Bb3 Nxb6 25.
axb6 Rxb6 26. Bxf7+ Kf8 27. Bc4 Bh6 28. Ne6+ Ke7 29.
Nxc5 Rxb2 30. Rxa6 Rb1+ 31. Kh2 Bf4+ 0-1

[Event "*** Titled Tuesday Blitz"]
[Site "Chess.com"]
[Date "2020.10.20"]
[Round "1"]
[White "Ziachess74"]
[Black "WonderChampion"]
[Result "1-0"]
[WhiteElo "2477"]
[BlackElo "2035"]
[TimeControl "180+1"]
[EndTime "10:05:19 PDT"]
[Termination "Ziachess74 won by resignation"]

1. d4 d5 2. Nf3 e6 3. g3 c5 4. Bg2 Nc6 5. O-O cxd4 6. Nxd4 Nxd4 7. Qxd4 Nf6 8. c4 Be7 9. Nc3 dxc4 10. Qxc4 O-O 11. Bf4 Qb6 12. Qb3 Bd7 13. Qxb6 axb6 14. Bxb7 Ra7 15. Bf3 Rc8 16. Rfc1 Bb4 17. Be3 Rac7 18.
Bxb6 Rc4 19. Rd1 Bc6 20. Bxc6 R4xc6 21. Bd4 Ne8 22. a3 Bd6 23. Nb5 Bb8 24. Bc3 Rb6 25. a4 Nc7 26. Nd6 Rd8 27. Nc4 Rd5 28. Nxb6 1-0

[Event "*** Titled Tuesday Blitz"]
[Site "Chess.com"]
[Date "2020.10.20"]
[Round "1"]
[White "fabianvivasz"]
[Black "Oleksandr_Bortnyk"]
[Result "0-1"]
[WhiteElo "2432"]
[BlackElo "2879"]
[TimeControl "180+1"]
[EndTime "10:05:21 PDT"]
[Termination "Oleksandr_Bortnyk won on time"]

1. e4 Nf6 2. e5 Nd5 3. d4 d6 4. c4 Nb6 5. exd6 exd6 6. Nc3 Be7 7. Bd3 O-O 8. Nge2 Nc6 9. O-O Bg4 10. h3 Bh5 11. Be3 Bf6 12. b3 Re8 13. Qd2 Qd7 14. Rfe1 Bg6 15. Rad1 Re7 16. Nf4 Bxd3 17. Qxd3 Ree8 18.
Nh5 Be7 19. a3 g6 20. Ng3 Bf6 21. b4 d5 22. c5 Nc4 23. Re2 Nxa3 24. b5 Nb4 25.
Qd2 Nc4 26. Qc1 c6 27. bxc6 bxc6 28. Bh6 a5 29. Rde1 Rxe2 30. Rxe2 Bxd4 0-1

[Event "*** Titled Tuesday Blitz"]
[Site "Chess.com"]
[Date "2020.10.20"]
[Round "1"]
[White "NotFischer"]
[Black "Azatic"]
[Result "0-1"]
[WhiteElo "2253"]
[BlackElo "2573"]
[TimeControl "180+1"]
[EndTime "10:05:21 PDT"]
[Termination "Azatic won by resignation"]

1. e4 c5 2. Nc3 e6 3. g3 Nc6 4. Bg2 g6 5. d3 Bg7 6. f4 d6 7. Nf3 Nge7 8. O-O O-O 9. Be3 a6 10.
e5 Nf5 11. Bf2 dxe5 12. Bxc5 exf4 13. gxf4 Re8 14. Ne4 b6 15. Bf2 Bb7 16. c3 Nce7 17.
Qe1 Nd5 18. d4 Nxf4 19. Rd1 Nxg2 20. Kxg2 Qd5 21. Nfd2 Nd6 22. c4 Qg5+ 23. Bg3 Nxe4 24.
Nxe4 f5 25. h4 Bxe4+ 0-1

[Event "*** Titled Tuesday Blitz"]
[Site "Chess.com"]
[Date "2020.10.20"]
[Round "1"]
[White "BanjoKazooieN64"]
[Black "SantoBlue"]
[Result "0-1"]
[WhiteElo "2380"]
[BlackElo "2771"]
[TimeControl "180+1"]
[EndTime "10:05:22 PDT"]
[Termination "SantoBlue won by resignation"]

1. e4 c5 2. Nc3 e6 3. Nf3 a6 4.
d4 cxd4 5. Nxd4 Qc7 6. f4 d6 7. Nf3 Be7 8. Bd3 Nf6 9. O-O b5 10. a3 Bb7 11. Qe1 Nbd7 12. b4 Rc8 13. Bb2 Nb6 14. Qg3 Nc4 15. Bxc4 Qxc4 16. Qxg7 Rg8 17. Qh6 Nxe4 18. Qxh7 Nf6 19. Qh3 Qxf4 20. Rae1 Qg4 21. Qxg4 Rxg4 22. Ne2 Rxc2 23. Ba1 Ne4 24. Nfd4 Ra2 25. h3 Rg8 26. Nb3 Nd2 27. Rf2 Nxb3 0-1